 Dungeon Crawl Stone Soup version 0.18-a0-1778-gadce9fa (webtiles) character file.

658 dobroeutro the Shield-Bearer (level 7, -10/44 HPs)
             Began as a Gargoyle Fighter on Apr 16, 2016.
             Splashed by Ijyb's acid (12 damage)
             ... on level 4 of the Dungeon.
             The game lasted 00:06:44 (3722 turns).

dobroeutro the Shield-Bearer (Gargoyle Fighter)     Turns: 3722, Time: 00:06:45

Health: -10/44     AC: 14    Str: 20    XL:     7   Next: 55%
Magic:  7/7        EV:  7    Int:  9    God:
Gold:   94         SH: 10    Dex: 10    Spells: 0 memorised, 6 levels left

rFire  . . .     SeeInvis +     v - +0 flail (protect)
rCold  . . .     Gourm    .     b - +0 scale mail
rNeg   + + .     Faith    .     c - +0 shield
rPois  ∞         Spirit   .     (no helmet)
rElec  +         Dismiss  .     j - +0 cloak
rCorr  .         Reflect  .     (no gloves)
SustAt .         Harm     .     (no boots)
MR     .....                    (no amulet)
Stlth  ..........               s - ring of see invisible
                                p - ring of positive energy

@: corroded, not resistant to hostile enchantments, extremely unstealthy
A: negative energy resistance 1, electricity resistance, unbreathing,
petrification resistance, rot immunity, AC +4
a: no special abilities


You were on level 4 of the Dungeon.
You were not hungry.

You visited 1 branch of the dungeon, and saw 4 of its levels.

You collected 94 gold pieces.

Inventory:

Hand Weapons
 l - a +0 morningstar
 v - a +0 flail of protection (weapon)
Armour
 b - a +0 scale mail (worn)
 c - a +0 shield (worn)
 j - a +0 cloak (worn)
Jewellery
 p - a ring of positive energy (left hand)
 s - a ring of see invisible (right hand)
Scrolls
 g - 5 scrolls of fog {unknown}
 n - a scroll of random uselessness {unknown}
 r - 2 scrolls of remove curse {unknown}
 t - a scroll of identify {unknown}
Potions
 d - a potion of invisibility {unknown}
 e - a potion of mutation {unknown}
 h - a potion of brilliance {unknown}
 i - 2 potions of heal wounds {unknown}
 k - a potion of cure mutation {unknown}
 m - a potion of berserk rage {unknown}
Comestibles
 a - 4 chunks of flesh
 f - a bread ration
 o - 3 fruits
 q - a meat ration


   Skills:
 + Level 5.4 Fighting
 + Level 4.4 Maces & Flails
 + Level 5.3 Armour
 + Level 5.5 Shields


You had 6 spell levels left.
You didn't know any spells.

Dungeon Overview and Level Annotations

Branches:
Dungeon (4/15)
 Temple: D:4-7

Altars:
Xom

Annotations:
D:4 Ijyb


Innate Abilities, Weirdness & Mutations

You are resistant to torment.
Your stone body is resilient (AC +4).
You are immune to poison.
You resist negative energy.
You are resistant to electric shocks.
You can survive without breathing.
You are immune to petrification.
You are immune to rotting.


Message History

You closely miss Ijyb.
Ijyb is severely wounded.
You block Ijyb's attack.
You hit Ijyb but do no damage.
Ijyb is severely wounded.
You block Ijyb's attack.
You hit Ijyb but do no damage.
Ijyb is severely wounded.
Ijyb hits you but does no damage. Ijyb screams, "I cut your head off!"
Things that are here:
an uncursed hunting sling; 11 stones
Things that are here:
a club x2; a dagger You see here 2 stones.
Ijyb screams, "It's all mine!"
Ijyb zaps a wand.
The bolt of acid hits you!
* * * LOW HITPOINT WARNING * * *
The acid burns!
You die...

#..........# #..........#
#..........#
##########..........#
#####...........(.......#
######.....##.####........>..#
..............##.............#
.###############.#...(.......#
.# ##@#...........# ##
######..#.###########
###.))(g.##.# ##...#######.#
#..### #.# #######.## #.#
........#### #.#
###...(....#######.#
.###.......#.....#.#


You could see Ijyb.

Vanquished Creatures
  The ghost of Protee the Changer, an amateur OpTm (D:3)
  An orc warrior (D:3)
  A scorpion (D:4)
  An orc priest (D:4)
  An orc wizard (D:4)
  2 worker ants (D:4)
  4 gnolls
  9 adders
  An ooze (D:2)
  3 worms
  A dart slug (D:1)
  2 giant geckos
  14 orcs
  3 giant cockroaches
  17 goblins
  10 hobgoblins
  4 jackals (D:3)
  2 quokkas (D:2)
  2 ball pythons (D:2)
  7 bats
  8 giant newts
  7 kobolds
  8 rats
109 creatures vanquished.

Notes
Turn   | Place    | Note
--------------------------------------------------------------
     0 | D:1      | dobroeutro the Gargoyle Fighter began the quest for the Orb.
     0 | D:1      | Reached XP level 1. HP: 14/14 MP: 1/1
   127 | D:1      | Reached XP level 2. HP: 16/19 MP: 2/2
   556 | D:2      | Reached XP level 3. HP: 20/24 MP: 3/3
   650 | D:2      | Found a faded altar to an unknown god.
   819 | D:2      | Reached XP level 4. HP: 14/29 MP: 4/4
  1387 | D:3      | Noticed Protee's ghost (amateur OpTm)
  1512 | D:2      | Reached XP level 5. HP: 17/33 MP: 5/5
  2541 | D:3      | Killed Protee's ghost
  2541 | D:3      | Reached XP level 6. HP: 39/39 MP: 6/6
  2626 | D:3      | Noticed an orc warrior
  2633 | D:3      | HP: 1/39 [orc warrior/trident of venom (16)]
  2639 | D:3      | Killed an orc warrior
  2676 | D:3      | Found a shimmering altar of Xom.
  2979 | D:2      | Reached skill level 5 in Shields
  2993 | D:2      | Reached skill level 5 in Armour
  3053 | D:3      | Reached skill level 5 in Fighting
  3053 | D:3      | Reached XP level 7. HP: 25/44 MP: 7/7
  3664 | D:4      | Noticed Ijyb
  3722 | D:4      | HP: 2/44 [Ijyb/wand of acid (7)]
  3722 | D:4      | Splashed by Ijyb's acid

Vault maps used:
D:1:      minmay_arrival_plants_in_alcoves, minmay_misc_feat_enclosed
D:2:      ecumenical_altar_2
D:3:      lemuel_crystal_altar, minivault_14, st_stairs_13,
          hangedman_abyss_or_decor_stabs
D:4:      kennysheep_the_goblin_king

Skill      XL: |  1  2  3  4  5  6 |
---------------+-------------------+-----
Fighting       | 4 5 |  5.4
Shields        | 4 5 |  5.5
Maces & Flails | 3 4 |  4.4
Armour         | 4 5 |  5.3

Action                   |  1- 3 |  4- 6 |  7- 9 || total
-------------------------+-------+-------+-------++-------
Melee: Flail             |   138 |   249 |    47 ||   434
       Morningstar       |       |    40 |    97 ||   137
  Use: Potion            |       |     4 |       ||     4
  Eat: Chunk             |       |     3 |     3 ||     6
       Bread ration      |       |     1 |       ||     1
Armor: Scale mail        |    64 |   196 |    69 ||   329
Dodge: Dodged            |    45 |   106 |    34 ||   185
Block: Shield            |    75 |   179 |    70 ||   324
